[Event "Early-Titled-Tuesday-Blitz-March-19-2024"]
[Site "Chess.com"]
[Date "2024.03.19"]
[Round "8"]
[White "Durarbayli"]
[Black "PepeCuenca"]
[Result "1-0"]
[WhiteElo "2980"]
[BlackElo "2729"]
[TimeControl "180+1"]
[EndTime "9:29:31 PDT"]
[Termination "Durarbayli won on time"]

1. e4 c5 2. Nf3 Nc6 3. d4 cxd4 4. Nxd4 e5 5. Nb5 d6 6. c4 g6 7. Be3 Be6 8. Be2 Nf6 9. N1c3 a6 10. Na3 Bg7 11. Qd2 O-O 12. O-O Rc8 13. Rfd1 Nd4 14.
Bxd4 exd4 15. Qxd4 Nd5 16. Qd2 Nxc3 17. bxc3 Qa5 18.
Nb1 Bxc4 19. Bxc4 Rxc4 20. Qxd6 Rxe4 21. Qd3 Ree8 22. Qf3 Rd8 23. Rf1 Qd5 24. Qxd5 Rxd5 25. a4 Rfd8 26. Ra3 Ra5 27. g3 b5 28. axb5 Rxb5 29. Rxa6 Rdb8 30. Na3 Rc5 31. c4 Rbc8 32. Rb1 Bf8 33. Kg2 R5c7 34. Nc2 Rxc4 35. Ne3 R4c6 36. Ra4 Rd8 37. Rb5 Rc5 38. Rb7 Rc6 39. Rf4 f5 40. Ra4 Bc5 41. Nc4 Bd4 42. Kf3 Re6 43. Na5 Bc5 44.
Rc4 Bb6 45. Nc6 Rde8 46. Rxb6 1-0

[Event "Early-Titled-Tuesday-Blitz-March-19-2024"]
[Site "Chess.com"]
[Date "2024.03.19"]
[Round "8"]
[White "Lady_Nika"]
[Black "Mops_2004"]
[Result "0-1"]
[WhiteElo "2576"]
[BlackElo "2742"]
[TimeControl "180+1"]
[EndTime "9:29:31 PDT"]
[Termination "Mops_2004 won by resignation"]

1. e4 c5 2. Nc3 Nc6 3. g3 g6 4.
Bg2 Bg7 5. d3 d6 6. f4 e5 7. Nf3 Nge7 8. O-O O-O 9. h3 h6 10. Ne2 Be6 11. g4 exf4 12. Nxf4 Ne5 13. Nxe6 Nxf3+ 14. Rxf3 fxe6 15. Rxf8+ Qxf8 16. c3 g5 17. Qb3 Qc8 18. Be3 Kh8 19. Rf1 Ng6 20. Rf7 Rb8 21. d4 cxd4 22. cxd4 Kg8 23. Rf1 Qd7 24.
d5 e5 25. Bxa7 Rc8 26. Be3 Nf4 27. Rf2 Qc7 28. Kh2 Kh8 29. Bf1 Rf8 30. a4 Qe7 31. a5 h5 32. Qd1 h4 33. b4 Ng6 34. Rxf8+ Qxf8 35. b5 Nf4 36. a6 bxa6 37. bxa6 Qb8 38. a7 Qb2+ 39. Qd2 Qa1 40. Bb5 Kh7 41. Bc6 Qf1 42.
Bxf4 exf4 43. a8=Q f3 44. Qe8 Be5+ 45. Qxe5 dxe5 46.
d6 f2 47. Qxf2 Qxf2+ 48. Kh1 Qe1+ 49. Kh2 Qd2+ 50. Kh1 Qxd6 51. Bd5 Qc5 52. Kh2 Qe3 53. Kg2 Qg3+ 54. Kf1 Qxh3+ 55. Ke2 Qxg4+ 0-1

[Event "Early-Titled-Tuesday-Blitz-March-19-2024"]
[Site "Chess.com"]
[Date "2024.03.19"]
[Round "8"]
[White "cande_francisco"]
[Black "RandomNoob04"]
[Result "1/2-1/2"]
[WhiteElo "2538"]
[BlackElo "2662"]
[TimeControl "180+1"]
[EndTime "9:29:31 PDT"]
[Termination "Game drawn - insufficient material"]

1. e4 d5 2. exd5 Qxd5 3. Nc3 Qa5 4. d4 Nf6 5. Bc4 Bg4 6. f3 Bf5 7. Ne2 e6 8. Bd2 c6 9. Ng3 Bg6 10. Nd5 Qd8 11. Nxf6+ Qxf6 12. Bc3 Bd6 13. Qe2 Qh4 14. O-O-O O-O 15. Ne4 Qe7 16. Nxd6 Qxd6 17. h4 h6 18. h5 Bh7 19. Kb1 Nd7 20. Rh4 b5 21. Bb3 a5 22.
a4 bxa4 23. Bxa4 Nb6 24. Bb3 a4 25. Ba2 a3 26. Qe5 Qxe5 27. dxe5 axb2 28. Bxb2 Bxc2+ 29.
Kxc2 Rxa2 30. Ra1 Rxa1 31. Bxa1 Ra8 32. Bb2 Ra4 33. Rxa4 Nxa4 34. Bd4 c5 35. Be3 f6 36. exf6 gxf6 37. Kb3 Nb6 38. Bxc5 Nd5 39. g4 Kf7 40. Kc4 Nf4 41. Be3 Ne2 42. Bxh6 Ng1 43. f4 Ne2 44.
Kd3 Ng3 45. g5 Nxh5 46. gxf6 Kxf6 47. Bg5+ Kf5 48. Ke3 e5 49. fxe5 Kxe5 1/2-1/2

[Event "Early-Titled-Tuesday-Blitz-March-19-2024"]
[Site "Chess.com"]
[Date "2024.03.19"]
[Round "8"]
[White "ChainedDowntohell"]
[Black "Viktor_Poddubnyi"]
[Result "1-0"]
[WhiteElo "2509"]
[BlackElo "2300"]
[TimeControl "180+1"]
[EndTime "9:29:31 PDT"]
[Termination "ChainedDowntohell won by resignation"]

1. d4 g6 2. c4 Bg7 3. Nc3 c5 4. Nf3 cxd4 5. Nxd4 Nc6 6. Nxc6 dxc6 7. Qc2 Be6 8. e3 Nf6 9. b3 Ne4 10. Bb2 Qa5 11.
Rc1 Bf5 12. Bd3 Nxc3 13. Bxc3 Bxc3+ 14. Qxc3 Qxc3+ 15. Rxc3 Bxd3 16. Rxd3 Rd8 17. Ke2 Rxd3 18. Kxd3 Kd7 19. Rd1 e5 20. c5 Ke6 21. Kc4 h5 22. a4 a5 23. b4 axb4 24. Kxb4 Ra8 25. h4 Ke7 26. e4 Ke6 27. Rd6+ Ke7 28. Rd3 Ke6 29.
a5 Ke7 30. Rd6 Ke8 31. g3 Ke7 32. f4 exf4 33. gxf4 Ke8 34. f5 gxf5 35. exf5 Ke7 36. f6+ Ke8 37. Rd3 Rd8 38. Rxd8+ Kxd8 39. a6 bxa6 40. Ka5 Kd7 41. Kxa6 Ke6 42. Kb7 Kxf6 43. Kxc6 Ke5 44. Kd7 f5 45. c6 f4 46. c7 1-0

[Event "Early-Titled-Tuesday-Blitz-March-19-2024"]
[Site "Chess.com"]
[Date "2024.03.19"]
[Round "8"]
[White "DenLaz"]
[Black "MagnusCarlsen"]
[Result "1-0"]
[WhiteElo "3109"]
[BlackElo "3261"]
[TimeControl "180+1"]
[EndTime "9:29:32 PDT"]
[Termination "DenLaz won by resignation"]

1. d4 Nf6 2. c4 g6 3. g3 c6 4. Bg2 d5 5. Nf3 Bg7 6. O-O O-O 7. Qa4 Nbd7 8. cxd5 Nb6 9. Qb3 Nfxd5 10. e4 Nc7 11. Nc3 Bg4 12. Rd1 Bxf3 13. Bxf3 Bxd4 14. e5 Ne6 15.
Bg4 Nd7 16. Ne2 Nec5 17. Qc2 Bxe5 18. Bh6 Bd6 19. b4 Na6 20. Bxd7 Qxd7 21. Qc3 f6 22.
Bxf8 Kxf8 23. Rab1 Nc7 24. Qb3 Qe6 25. Qc2 Qf5 26. Qb3 Qe6 27. Qc2 Qf5 28. Qb3 a5 29. bxa5 Rxa5 30. Nd4 Qc8 31. Qxb7 Qxb7 32. Rxb7 c5 33.
Nb3 Rxa2 34. Rxd6 exd6 35. Rxc7 h5 36. Kg2 Ke8 37. Nc1 Rd2 38. Kf3 Kd8 39. Rf7 f5 40.
Ke3 Rd1 41. Nd3 Ke8 42. Rf6 Kd7 43. Rxg6 c4 44. Nb2 Re1+ 45. Kd2 Rf1 46. Nxc4 Rxf2+ 47. Ke3 Rxh2 48. Rxd6+ Ke7 49. Rh6 Kf7 50. Nd6+ Ke7 51. Nxf5+ Kf7 52. Kf3 Ra2 53. Rxh5 Kf6 54. Ne3 1-0

[Event "Early-Titled-Tuesday-Blitz-March-19-2024"]
[Site "Chess.com"]
[Date "2024.03.19"]
[Round "8"]
[White "Vse_po_kaify"]
[Black "Elegance_Riks"]
[Result "0-1"]
[WhiteElo "2478"]
[BlackElo "2771"]
[TimeControl "180+1"]
[EndTime "9:29:32 PDT"]
[Termination "Elegance_Riks won on time"]

1. e4 g6 2. c4 Bg7 3. Nc3 d6 4. g3 e5 5. Bg2 Nc6 6. Nge2 Nge7 7.
O-O h5 8. h3 h4 9. g4 g5 10. d4 Ng6 11. dxe5 Ncxe5 12. f4 gxf4 13. Nxf4 Nxf4 14. Bxf4 Be6 15. Nd5 c6 16. Ne3 Qb6 17. Kh1 O-O-O 18. b4 Nxc4 19. Nd5 Bxd5 20. exd5 Bxa1 21.
dxc6 bxc6 22. Qxa1 Rhe8 23. Rc1 d5 24. Qf6 Rd7 25. a4 Re6 26. Qh8+ Qd8 27. Qh7 Qf6 28. b5 Qxf4 29. Rf1 Qg3 30. bxc6 Rde7 31. Qg8+ Kc7 32. Qa8 Ne3 33. Qb7+ Kd6 34. Qb8+ Kc5 35. Rc1+ Nc4 36. Qb5+ Kd6 37. Qb4+ Ke5 38. Rxc4 dxc4 39. Qb2+ c3 40.
Qb5+ Kf6 41. Qf5+ Kg7 42. Qg5+ Kf8 43. Qc5 Re1+ 44. Qg1 Rxg1+ 0-1

[Event "Early-Titled-Tuesday-Blitz-March-19-2024"]
[Site "Chess.com"]
[Date "2024.03.19"]
[Round "8"]
[White "martinmena"]
[Black "UnTucopalaTimba"]
[Result "1-0"]
[WhiteElo "2259"]
[BlackElo "1995"]
[TimeControl "180+1"]
[EndTime "9:29:32 PDT"]
[Termination "martinmena won by resignation"]

1. c4 Nf6 2. g3 e6 3. Bg2 d5 4.
Nf3 Be7 5. O-O O-O 6. d4 dxc4 7. Qc2 a6 8. a4 Bd7 9. Qxc4 Bc6 10. Bg5 h6 11. Bxf6 Bxf6 12. e3 Nd7 13. Nc3 Nb6 14.
Qb3 Nd5 15. Rfe1 Qe7 16. e4 Nxc3 17. bxc3 Qd7 18. a5 Rfd8 19. Rad1 Rab8 20. Qa2 b6 21. c4 b5 22. d5 Bb7 23. e5 Be7 24. d6 cxd6 25.
exd6 Bf6 26. c5 Bd5 27. Rxd5 exd5 28. Qxd5 Rbc8 29. Rd1 Qc6 30. Qxc6 Rxc6 31. Rd5 Rcc8 32. Nd2 Bc3 33. Nb3 Kf8 34. Rd3 Bf6 35. Rd5 Ke8 36.
Rd3 Kd7 37. Bh3+ Ke8 38. Bxc8 Rxc8 39. d7+ Kd8 40. dxc8=Q+ Kxc8 41. Rd6 1-0

[Event "Early-Titled-Tuesday-Blitz-March-19-2024"]
[Site "Chess.com"]
[Date "2024.03.19"]
[Round "8"]
[White "lluiss"]
[Black "maurovargas01"]
[Result "1-0"]
[WhiteElo "2226"]
[BlackElo "1825"]
[TimeControl "180+1"]
[EndTime "9:29:32 PDT"]
[Termination "lluiss won by resignation"]

1. Nf3 Nc6 2. d4 d6 3. g3 f5 4. Bg2 e6 5. O-O Nf6 6. c4 g6 7. d5 Ne7 8. dxe6 Bxe6 9. Nd4 Bc8 10. Qb3 c6 11. Nc3 Bg7 12. Rd1 O-O 13. e4 fxe4 14. Nxe4 Nxe4 15. Bxe4 Bg4 16. f3 Bh3 17. Bg5 h6 18.
Bf4 g5 19. Be3 d5 20. cxd5 Nxd5 21. Ne6 Qe7 22. Nxf8 Rxf8 23. Bd4 Bxd4+ 24. Rxd4 Qc5 25. Bxd5+ cxd5 26. Qxd5+ Qxd5 27. Rxd5 Rxf3 28. Rd2 Kf7 29. Rf2 g4 30. Rxf3+ gxf3 31. Kf2 Bg4 32. Rh1 Be6 33. b3 Bd5 34. Re1 Bc6 35. Re3 Kf6 36. Rxf3+ Bxf3 37. Kxf3 Ke5 38. g4 b5 39. h4 b4 40. Ke3 a6 41.
Kd3 Kd5 42. g5 hxg5 43. hxg5 a5 44. g6 Ke6 45. Kc4 Kf6 46. Kb5 Kxg6 47. Kxa5 Kf5 48. Kxb4 Ke4 49. a4 Kd5 50. Kb5 Kd6 51. Kb6 Kd7 52.
Kb7 Kd6 53. b4 Kd5 54. b5 Kc4 55. Kb6 Kb4 56. a5 Kc4 57. a6 Kd5 58. a7 Kd6 59. a8=Q 1-0

[Event "Early-Titled-Tuesday-Blitz-March-19-2024"]
[Site "Chess.com"]
[Date "2024.03.19"]
[Round "8"]
[White "musclemonster12"]
[Black "Jumbo"]
[Result "0-1"]
[WhiteElo "2604"]
[BlackElo "2893"]
[TimeControl "180+1"]
[EndTime "9:29:33 PDT"]
[Termination "Jumbo won on time"]

1. e4 c5 2. Nf3 d6 3. d4 cxd4 4.
Qxd4 Nf6 5. Be2 Nc6 6. Qe3 g6 7.
h3 Bg7 8. O-O O-O 9. Rd1 Qb6 10.
Nc3 Be6 11. Qg5 Nb4 12. Bd3 h6 13. Qh4 g5 14. Qg3 Nh5 15. Qh2 Rac8 16. Be3 Qa5 17. Nd4 Be5 18. g3 Nxd3 19. cxd3 Qb4 20. Nb3 Bxb3 21.
axb3 Qxb3 22. d4 Bg7 23. Rd2 a6 24. g4 Nf6 25. f3 Rc4 26. h4 Nh7 27. Rad1 Rfc8 28.
Rc2 b5 29. Rcd2 e6 30. Rd3 Qb4 31. hxg5 hxg5 32. e5 d5 33. f4 gxf4 34. Qxf4 Qe7 35. Ne2 f6 36. Qg3 fxe5 37. dxe5 Re4 38. Qg2 Bxe5 39.
Bd4 Qg5 40. Bxe5 Qxe5 41. Nd4 Ng5 0-1

[Event "Early-Titled-Tuesday-Blitz-March-19-2024"]
[Site "Chess.com"]
[Date "2024.03.19"]
[Round "8"]
[White "Rodalquilar"]
[Black "RebelJohnny"]
[Result "1-0"]
[WhiteElo "2797"]
[BlackElo "2565"]
[TimeControl "180+1"]
[EndTime "9:29:35 PDT"]
[Termination "Rodalquilar won by resignation"]

1. d4 d5 2. Nf3 Nf6 3. Bf4 c5 4. e3 Nc6 5. Nbd2 Qb6 6. dxc5 Qxb2 7. Rb1 Qc3 8. Bb5 g6 9. e4 Bg7 10. Be5 Qxc5 11. Bd4 Qa3 12. exd5 Bd7 13. dxc6 bxc6 14. Bc4 O-O 15. O-O Bf5 16. Bb2 Qd6 17. Nb3 Qxd1 18. Rbxd1 Bxc2 19. Rc1 Be4 20. Nfd4 Rfc8 21. Rfe1 e6 22.
Ba6 Rc7 23. Bc3 Bd5 24. Ba5 Rd7 25. Nxc6 Ne4 26. Bb4 Bf6 27. f3 Nd6 28. Ne5 Bxe5 29. Rxe5 Rb8 30. Bxd6 Rxd6 31. Rc8+ Rxc8 32. Bxc8 Rc6 33.
Bb7 Rc2 34. Bxd5 exd5 35. a4 Ra2 36. Nc5 d4 37. Rd5 Rc2 38. a5 Rc4 39. Ne4 Kg7 40. h4 Ra4 41. Kf2 f5 42. Nc5 Ra2+ 43. Kg3 Kf6 44.
a6 h6 45. Rxd4 g5 46. hxg5+ hxg5 47. Rd7 f4+ 48. Kh2 Rc2 49. Ne4+ Kf5 50. Rd5+ 1-0

[Event "Early-Titled-Tuesday-Blitz-March-19-2024"]
[Site "Chess.com"]
[Date "2024.03.19"]
[Round "8"]
[White "KuzubovYuriy"]
[Black "Sina_Movahed"]
[Result "0-1"]
[WhiteElo "2914"]
[BlackElo "3089"]
[TimeControl "180+1"]
[EndTime "9:29:36 PDT"]
[Termination "Sina_Movahed won by resignation"]

1. d4 Nf6 2. Nf3 g6 3. Nbd2 d5 4. e3 Bg7 5. b4 O-O 6. c4 a5 7. b5 c5 8. Bb2 Nbd7 9. Rc1 b6 10. Be2 Bb7 11. O-O Rc8 12. Qb3 e6 13. Rfd1 Qe7 14. Ba3 Rfd8 15. Qb1 Qe8 16. cxd5 Nxd5 17. Nc4 Bf8 18.
Bf1 cxd4 19. Bxf8 Qxf8 20. Nxd4 Rc5 21. e4 N5f6 22. f3 Rc7 23. Qb2 Rdc8 24. a3 h5 25. Ne3 h4 26. Rxc7 Rxc7 27. Rc1 Rc5 28. Nb3 Rxc1 29.
Qxc1 Qd6 30. Nc4 Qc7 31. a4 Ne8 32. Qe3 Nd6 33. Nbd2 Nc5 34. Nxd6 Qxd6 35. Nc4 Qc7 36. Qa3 Bc8 37. e5 Bb7 38. h3 Bd5 39. Nd6 Nd7 40. Kh2 Nxe5 41. f4 Nd7 42. Ne8 Qxf4+ 43. Kg1 Nc5 44. Qa1 e5 45. Nc7 Bb7 46. Qd1 Qd4+ 47.
Qxd4 exd4 0-1

[Event "Early-Titled-Tuesday-Blitz-March-19-2024"]
[Site "Chess.com"]
[Date "2024.03.19"]
[Round "8"]
[White "ArchibaldCerveza29"]
[Black "ChessFanNM"]
[Result "0-1"]
[WhiteElo "2387"]
[BlackElo "2276"]
[TimeControl "180+1"]
[EndTime "9:29:36 PDT"]
[Termination "ChessFanNM won on time"]

1. e4 e5 2. f4 d5 3. exd5 exf4 4. Nf3 Nf6 5. Bb5+ c6 6. dxc6 Nxc6 7. d4 Bd6 8. O-O O-O 9. Nbd2 Qb6 10. Bxc6 bxc6 11.
Nc4 Qc7 12. Nxd6 Qxd6 13. c3 c5 14. Kh1 Bb7 15. dxc5 Qxc5 16. Bxf4 Rad8 17. Qb3 Bd5 18. Qa4 Rfe8 19. Bg3 Ne4 20. Bh4 g5 21. Nxg5 Nxg5 22.
Qg4 h6 23. Bxg5 Be6 24. Be7+ Bxg4 25. Bxc5 Rd2 26. Rf2 Rxf2 27. Bxf2 Re2 28. Bxa7 Rxb2 29. a4 Be6 30. Rd1 Ra2 31. h3 Rxa4 32. Bd4 Ra2 33.
Be5 Re2 34. Bf4 Rc2 35. Be5 Re2 36. Bg3 Rc2 37. Rd3 Bc4 38. Re3 Bd5 39. Be5 Rxg2 40. c4 Re2+ 41. cxd5 Rxe3 42. Bf4 Rd3 43. d6 Kh7 44. Kg2 Rd4 45. Kf3 Kg6 46. Be5 Rd3+ 47. Ke4 Rd1 48. h4 h5 49. Bd4 f5+ 50. Ke5 Kf7 0-1

[Event "Early-Titled-Tuesday-Blitz-March-19-2024"]
[Site "Chess.com"]
[Date "2024.03.19"]
[Round "8"]
[White "HanSchut"]
[Black "zurzan"]
[Result "1-0"]
[WhiteElo "2293"]
[BlackElo "2038"]
[TimeControl "180+1"]
[EndTime "9:29:36 PDT"]
[Termination "HanSchut won by resignation"]

1. e4 c5 2. Nf3 g6 3. d4 cxd4 4. Nxd4 Nf6 5. f3 Nc6 6. c4 Nxd4 7. Qxd4 Bg7 8. Bg5 O-O 9. Qd2 d6 10. Nc3 Be6 11. Rc1 Rc8 12. b3 a6 13. Be2 Qb6 14.
Be3 Qb4 15. O-O b5 16. Nd5 Qxd2 17. Nxe7+ Kh8 18. Bxd2 Rce8 19. Nd5 bxc4 20. Bxc4 Nxd5 21. exd5 Bc8 22. Rfe1 Bd4+ 23. Kf1 Bb2 24. Rxe8 Rxe8 25.
Bc3+ Bxc3 26. Rxc3 a5 27. Kf2 Bf5 28. Re3 Rb8 29. Re7 Kg8 30. Ra7 a4 31. Rxa4 h5 32. h3 h4 33. Ra5 Bc2 34. Bb5 Rc8 35. Bc6 Rb8 36. Ra8 Rxa8 37. Bxa8 Kf8 38. Bc6 Ke7 39.
b4 f6 40. a4 Kd8 41. a5 Kc7 42. b5 Bd3 43. b6+ Kb8 44. g3 g5 45. gxh4 gxh4 46. Ke3 Ba6 47. Kf4 Bc8 48. a6 Bxa6 49. Kg4 Be2 50.
Kxh4 Bxf3 51. Kg3 Bh5 52. Kf4 Bg6 53. h4 Bh7 54. Kg4 Be4 55. Kf4 Bd3 56. h5 Bh7 57. h6 Bg6 58. Be8 Bh7 59. Bd7 Kb7 60. Bf5 Bg8 61. h7 Bxh7 62. Bxh7 Kxb6 63. Kf5 Kc5 64.
Bg8 Kd4 65. Kxf6 Ke4 66. Ke7 Kd4 67. Kxd6 1-0

[Event "Early-Titled-Tuesday-Blitz-March-19-2024"]
[Site "Chess.com"]
[Date "2024.03.19"]
[Round "8"]
[White "kingofthenil"]
[Black "Zq1"]
[Result "0-1"]
[WhiteElo "2766"]
[BlackElo "2609"]
[TimeControl "180+1"]
[EndTime "9:29:37 PDT"]
[Termination "Zq1 won by checkmate"]

1. e4 c5 2. Nf3 d6 3. d4 cxd4 4. Nxd4 Nf6 5. Nc3 Nc6 6. Nde2 b6 7. h3 g6 8. g4 Bg7 9. Bg2 Ba6 10. Be3 Rc8 11. Qd2 O-O 12. O-O Qc7 13. Rfe1 Na5 14. Qd1 Nc4 15. Bc1 e6 16. b3 Na5 17. Bb2 Rfd8 18. Rc1 Qb8 19. Qd2 d5 20. Ng3 Nxe4 21. Ngxe4 dxe4 22. Qe3 Bd4 23. Qxd4 Rxd4 24. Nxe4 Rxe4 25.
Rxe4 Bb7 26. Re3 Bxg2 27. Kxg2 Qb7+ 28. Kg1 Nc6 29. Bf6 Nb8 30. Rd3 Nd7 31. g5 Nxf6 32. gxf6 h5 33. Rcd1 Qe4 34. c4 Qe5 35. Rf3 Qe4 36.
Kg2 Rc5 37. h4 Rf5 38. Rd3 Rxf6 39. Re3 Qc6 40. Kg3 Rxf3+ 41. Rxf3 Qe4 42. Re3 Qg4+ 43. Kh2 Qxh4+ 44. Kg2 Qg4+ 45. Rg3 Qe4+ 46. f3 Qe2+ 47. Kh3 Qxa2 48. Rg2 Qxb3 49. Kg3 Qxc4 50. Rc2 Qd4 51. Rc7 Kg7 52. Rd7 Qg1+ 53. Kf4 Qh2+ 54. Ke3 Qe5+ 55.
Kd3 a5 56. f4 Qxf4 57. Rd4 Qc7 58. Rc4 Qb7 59. Rc7 Qd5+ 60. Kc3 h4 61. Rd7 Qc6+ 62.
Kb2 h3 63. Rd6 Qb5+ 64. Ka2 h2 65. Rd5 Qc4+ 66. Kb2 h1=Q 67. Rd2 Qhc1# 0-1

[Event "Early-Titled-Tuesday-Blitz-March-19-2024"]
[Site "Chess.com"]
[Date "2024.03.19"]
[Round "8"]
[White "Kazmin_Semyon"]
[Black "GothamChess"]
[Result "1-0"]
[WhiteElo "2557"]
[BlackElo "2676"]
[TimeControl "180+1"]
[EndTime "9:29:38 PDT"]
[Termination "Kazmin_Semyon won on time"]

1. e4 d5 2. exd5 Qxd5 3. Nc3 Qa5 4. d4 Nf6 5. Nf3 Bf5 6. Bc4 e6 7. O-O Bb4 8. Ne2 O-O 9. c3 Be7 10. Ng3 Bg6 11. Re1 c5 12. dxc5 Qxc5 13. Qe2 Nc6 14.
Be3 Qa5 15. a4 Rad8 16. Nd4 Ne5 17. Nb5 Nxc4 18. Qxc4 a6 19. Nd4 Qd5 20. Qe2 Rd7 21. Rad1 Qe5 22. Nf3 Qa5 23. Qc4 Rxd1 24. Rxd1 Nd5 25.
Bd4 Bc2 26. Ra1 Qc7 27. Qxc7 Nxc7 28. a5 Nb5 29. Be3 Rd8 30. Ne2 Bg6 31. Ned4 Nd6 32.
Ne5 Bf5 33. Nxf5 Nxf5 34. Bb6 Rd2 35. Nc4 Rc2 36. Rb1 h5 37. Kf1 Nh4 38. Ke1 Bf6 39.
Kd1 Rxc3 40. bxc3 Bxc3 41. g3 Nf5 42. Rb3 Bf6 43. f4 g5 44. Ne5 gxf4 45. gxf4 h4 46. Bf2 Kh7 47. Rxb7 Kh6 48. Rxf7 Kh5 49. Rxf6 1-0

[Event "Early-Titled-Tuesday-Blitz-March-19-2024"]
[Site "Chess.com"]
[Date "2024.03.19"]
[Round "8"]
[White "the_chess_child"]
[Black "TERMINATOR_PC"]
[Result "1-0"]
[WhiteElo "2873"]
[BlackElo "2587"]
[TimeControl "180+1"]
[EndTime "9:29:39 PDT"]
[Termination "the_chess_child won by resignation"]

1. e4 e5 2. Nf3 Nc6 3. d3 Nf6 4. g3 Bc5 5. Bg2 O-O 6. O-O d6 7. Nc3 h6 8. Na4 Bb6 9. Nxb6 axb6 10. b3 Re8 11. Bb2 Bg4 12. h3 Bd7 13. Re1 b5 14. a3 Ne7 15. d4 exd4 16. Nxd4 Ng6 17. f4 c6 18. Qf3 Qc7 19. Rad1 d5 20. exd5 Nxd5 21. Nxb5 Qb6+ 22. Nd4 Rad8 23. Kh2 Qc7 24. c4 Nf6 25. b4 h5 26. Bc1 h4 27. Rxe8+ Bxe8 28. g4 c5 29. Nb5 Bxb5 30. Rxd8+ Qxd8 31. cxb5 cxb4 32. axb4 b6 33. Be3 Ne7 34. Qa8 Qxa8 35. Bxa8 Nfd5 36. Bf2 f6 37. f5 Kf7 38. Kg2 Ke8 39.
Kf3 Kd7 40. Bxh4 Nc3 41. Bf2 Kc7 42. h4 Nxb5 43. Be4 Nd6 44. Bd3 Nc6 45. Bg3 Nxb4 46. Be4 Nc6 47. g5 Nd4+ 48. Ke3 Nb3 49. gxf6 gxf6 50. h5 Nc5 51. Bxd6+ Kxd6 52. h6 1-0

[Event "Early-Titled-Tuesday-Blitz-March-19-2024"]
[Site "Chess.com"]
[Date "2024.03.19"]
[Round "8"]
[White "NovozhilovSemen"]
[Black "Antipov_Mikhail_Al"]
[Result "1-0"]
[WhiteElo "2636"]
[BlackElo "2882"]
[TimeControl "180+1"]
[EndTime "9:29:39 PDT"]
[Termination "NovozhilovSemen won by resignation"]

1. d4 Nf6 2. Nf3 d5 3. c4 e6 4. g3 Bb4+ 5. Bd2 Be7 6. Bg2 O-O 7. O-O c6 8. Qc2 Nbd7 9. Rd1 a5 10. b3 Ne4 11. Bf4 g5 12. Bc1 f5 13. Nc3 Bf6 14. Bb2 Qe7 15. a4 Qg7 16. e3 Rf7 17. Ne2 h5 18. Ne1 Be7 19. f3 Nef6 20. Nd3 Qh6 21. Bc1 Rh7 22. Kf2 h4 23. Rg1 Bd6 24. Bd2 Qh5 25. Raf1 Nf8 26. Ke1 Ng6 27. Kd1 Bd7 28. c5 Bc7 29. Kc1 Re8 30. g4 Qh6 31. h3 fxg4 32.
fxg4 Rf7 33. Rf2 e5 34. dxe5 Nxe5 35. Nxe5 Bxe5 36. Rgf1 Ref8 37. Nd4 Bxd4 38. exd4 Kg7 39. Kb2 Qg6 40. Qc1 Qd3 41. Qc3 Qxc3+ 42. Kxc3 Kg6 43.
Kd3 Nxg4 44. Rxf7 Rxf7 45. Rxf7 Kxf7 46. hxg4 Bxg4 47. Bxg5 h3 48. Bh1 Kg6 49. Bd8 Bd1 50.
Kc3 Kf5 51. Bxa5 Kf4 52. Bc7+ Ke3 53. Bxd5 cxd5 54. Be5 Ke4 55. Kb4 Kf5 56. Ka3 Ke6 57. b4 Kd7 58. b5 Be2 59. Kb4 Bf1 60. a5 Be2 61. a6 bxa6 62. c6+ Ke6 63. b6 1-0

[Event "Early-Titled-Tuesday-Blitz-March-19-2024"]
[Site "Chess.com"]
[Date "2024.03.19"]
[Round "8"]
[White "Mikhail_Bryakin"]
[Black "Revan_2002"]
[Result "0-1"]
[WhiteElo "2725"]
[BlackElo "2590"]
[TimeControl "180+1"]
[EndTime "9:29:39 PDT"]
[Termination "Revan_2002 won by resignation"]

1. e4 e5 2. Nf3 Nc6 3. Bc4 Bc5 4. c3 Nf6 5. d3 d6 6. O-O O-O 7.
h3 h6 8. a4 a6 9. b4 Ba7 10. Be3 Ne7 11. Bxa7 Rxa7 12. Nbd2 Ng6 13. Re1 c6 14. Nf1 d5 15. Bb3 Re8 16. Ng3 a5 17. b5 Ra8 18. d4 Nxe4 19. Nxe4 dxe4 20. Rxe4 Bf5 21. Re1 e4 22. Nd2 Qg5 23. Re3 h5 24.
Rg3 Qh6 25. Nf1 h4 26. Re3 Qg5 27. Kh2 Nf4 28. g4 Bg6 29. Nd2 Nd5 30. Bxd5 cxd5 31.
Qe2 Re6 32. Re1 Qf4+ 33. Kg2 f5 34. Nf1 Qg5 35. f4 Qxf4 36. Kh1 Rf8 37. Nh2 fxg4 38. Qxg4 Qxg4 39. Nxg4 Bh5 40. Ne5 Rf2 41. c4 dxc4 42. Rxe4 c3 43. d5 Rg6 44. Ng4 Bxg4 45. hxg4 c2 46.
Rc1 Rd2 47. Rc4 Rd1+ 0-1

[Event "Early-Titled-Tuesday-Blitz-March-19-2024"]
[Site "Chess.com"]
[Date "2024.03.19"]
[Round "8"]
[White "Seochesspie"]
[Black "AlexanderKing"]
[Result "0-1"]
[WhiteElo "2881"]
[BlackElo "2654"]
[TimeControl "180+1"]
[EndTime "9:29:40 PDT"]
[Termination "AlexanderKing won on time"]

1. e4 e6 2. d3 d5 3. Qe2 Nf6 4. Nf3 c5 5. Nbd2 Nc6 6. g3 g6 7. Bg2 Bg7 8. O-O O-O 9. Re1 b6 10. Nf1 e5 11. exd5 Nxd5 12. Ne3 Nxe3 13. Bxe3 Bb7 14. c3 Qd7 15. Rad1 Rad8 16. h4 Rfe8 17.
h5 Nd4 18. Bxd4 exd4 19. Qd2 Qg4 20. Nh2 dxc3 21. bxc3 Qd7 22. Bxb7 Qxb7 23. h6 Bh8 24.
c4 Qd7 25. Rxe8+ Rxe8 26. Qf4 Be5 27. Qf3 Bd4 28. Kg2 f5 29. Rd2 Qe6 30. Nf1 Qe7 31.
Ne3 Qg5 32. Qd5+ Kh8 33. Qf7 Qe7 34. Qd5 Qf8 35. Qd7 Bxe3 36. Re2 f4 37. gxf4 Rd8 38.
Qc7 Bxf4 39. Qxa7 Bxh6 40. Re7 Kg8 0-1

[Event "Early-Titled-Tuesday-Blitz-March-19-2024"]
[Site "Chess.com"]
[Date "2024.03.19"]
[Round "8"]
[White "LornerAcosta"]
[Black "FaustinoOro"]
[Result "1-0"]
[WhiteElo "2625"]
[BlackElo "2868"]
[TimeControl "180+1"]
[EndTime "9:29:40 PDT"]
[Termination "LornerAcosta won on time"]

1. Nf3 Nf6 2. d4 e6 3. e3 d5 4. Bd3 Bd6 5. Nbd2 c5 6. b3 O-O 7.
Bb2 Nc6 8. a3 b6 9. O-O Bb7 10. Qe2 cxd4 11. exd4 Ne7 12. Ne5 Rc8 13. f4 Qc7 14. Rac1 Ng6 15. g4 Rfe8 16. g5 Nd7 17.
Rf3 Ndf8 18. Rcf1 Ne7 19. Rh3 Nf5 20. Qh5 Qe7 21. b4 a5 22. Ndf3 g6 23. Qg4 f6 24.
gxf6 Qxf6 25. bxa5 Ne3 26. Qg3 Nxf1 27. Kxf1 bxa5 28. Ke2 Ra8 29. Bc1 Ba6 30. Ng4 Bxd3+ 31. cxd3 Qg7 32. Nh6+ Kh8 33. Ng5 Ra7 34. Be3 Rc7 35.
Qg4 Rce7 36. Qh4 Rb8 37. Ng4 Rc7 38. Ne5 Bxe5 39. dxe5 Rc2+ 40. Kf3 Rb1 41. Bd4 Rf1+ 42. Ke3 Qb7 43. Nf3 Rcc1 44. Qf6+ Qg7 45. Qg5 Qf7 46.
Rh4 Qf5 47. Qe7 Rxf3+ 48. Kxf3 Qxd3+ 49. Kg4 Qe2+ 50. Kg5 1-0

[Event "Early-Titled-Tuesday-Blitz-March-19-2024"]
[Site "Chess.com"]
[Date "2024.03.19"]
[Round "8"]
[White "AnishOnYoutube"]
[Black "nihalsarin"]
[Result "1-0"]
[WhiteElo "3049"]
[BlackElo "3165"]
[TimeControl "180+1"]
[EndTime "9:29:41 PDT"]
[Termination "AnishOnYoutube won by resignation"]

1. e4 a6 2. d4 c6 3. Bd3 d5 4. e5 c5 5. c3 Nc6 6. Ne2 Bg4 7. f3 Bd7 8. O-O g6 9. Be3 Nh6 10. Bf2 Nf5 11. f4 c4 12. Bc2 h5 13. Nd2 Nh6 14.
b3 b5 15. a4 Bg7 16. h3 Bf5 17. Nf3 O-O 18. b4 Qd7 19. Nh4 Bxc2 20. Qxc2 e6 21. Nf3 bxa4 22. Rxa4 Ra7 23. Rfa1 Rfa8 24. Kh2 Qb7 25. Qc1 a5 26. bxa5 Nxa5 27. Qa3 Bf8 28.
Qa2 Nc6 29. Rxa7 Rxa7 30. Qb1 Qb3 31. Nfg1 Be7 32. Qe1 Rxa1 33. Qxa1 Kg7 34. Qa8 Qb6 35. Nf3 Qc7 36. Bh4 Bxh4 37. Nxh4 Ne7 38. Ng3 Qd7 39.
Qa3 Nhf5 40. Nhxf5+ Nxf5 41. Nxf5+ exf5 42. Qa6 Qe6 43. Qxe6 fxe6 44. Kg3 Kh6 45. Kh4 g5+ 46. fxg5+ Kg6 47. g3 1-0

[Event "Early-Titled-Tuesday-Blitz-March-19-2024"]
[Site "Chess.com"]
[Date "2024.03.19"]
[Round "8"]
[White "BilicVladimir"]
[Black "KetiTsatsalashvili"]
[Result "1-0"]
[WhiteElo "2687"]
[BlackElo "2476"]
[TimeControl "180+1"]
[EndTime "9:29:42 PDT"]
[Termination "BilicVladimir won on time"]

1. e4 c5 2. Nf3 d6 3. d4 cxd4 4.
Qxd4 Nf6 5. Bb5+ Bd7 6. Bxd7+ Nbxd7 7. O-O g6 8. e5 dxe5 9. Nxe5 Nxe5 10. Qxe5 Bg7 11.
c3 O-O 12. Nd2 h5 13. Qe2 Qd7 14. Nf3 Rad8 15. Bg5 Rfe8 16. Rad1 Qc7 17. h3 Rxd1 18. Rxd1 Rd8 19. Rd3 a6 20. Qd1 Rxd3 21. Qxd3 e6 22. c4 Qd7 23. Qe2 b5 24. cxb5 axb5 25. b3 Qd5 26. a4 bxa4 27. bxa4 Ne4 28. Be3 Nc3 29. Qa6 Qd8 30. a5 e5 31. Qb6 Qc8 32. a6 e4 33.
Qb7 Qe8 34. Ng5 Ne2+ 35. Kf1 Nc3 36. Qxf7+ Qxf7 37. Nxf7 Nb5 38. Nd6 Nc7 39. a7 Be5 40. Nxe4 Na8 41. Nc5 Bc7 42. Ne6 Bd6 43. h4 Kf7 44.
Ng5+ Kf6 45. Ke2 Kf5 46. g3 Be7 47. Kd3 Bd8 48. Kc4 Bc7 49. Kd5 Bd8 50. Kc6 Kg4 51. Kb7 Nc7 52. Nf7 Ne6 53. Nxd8 Nxd8+ 54. Kb6 Ne6 55.
a8=Q 1-0